 Dungeon Crawl Stone Soup version 0.30.0-5-g1a98f26d00 (webtiles) character file.

Game seed: 788252076607552301

159 Heoruswealwe the Magician (level 5, -8/28 HPs)
             Began as a Deep Elf Earth Elementalist on May 8, 2023.
             Shot with an arrow by a centaur (16 damage)
             ... on level 4 of the Dungeon.
             The game lasted 00:32:43 (3065 turns).

Heoruswealwe the Magician (DEEE)                    Turns: 3065, Time: 00:32:44

Health: -8/28      AC:  2    Str:  5    XL:     5   Next: 17%
Magic:  12/15      EV: 13    Int: 22    God:
Gold:   153        SH:  0    Dex: 21    Spells: 5/15 levels left

rFire   + . .        b - +2 dagger (venom)
rCold   . . .        (no shield)
rNeg    . . .        c - +0 robe
rPois   .            g - +0 hat {SInv}
rElec   .            (no cloak)
rCorr   .            (no gloves)
SInv    +            (no boots)
Will    .....        (no amulet)
Stlth   ++           k - +6 ring of dexterity
HPRegen 0.24/turn    j - ring of protection from fire
MPRegen 0.14/turn

%: no passive effects
@: no status effects
A: no striking features
a: no special abilities


You were on level 4 of the Dungeon.
You visited 2 branches of the dungeon, and saw 5 of its levels.

You collected 153 gold pieces.

Inventory:

Hand Weapons
 b - a +2 dagger of venom (weapon)
Armour
 c - a +0 robe (worn)
 g - a +0 hat of see invisible (worn)
Jewellery
 j - a ring of protection from fire (right hand)
 k - a +6 ring of dexterity (left hand)
Wands
 r - a wand of charming (10)
Scrolls
 a - a scroll of immolation {unknown}
 d - a scroll of poison {unknown}
 i - 2 scrolls of enchant weapon {unknown}
 l - 2 scrolls of fear {unknown}
 n - 2 scrolls of identify {unknown}
 o - a scroll of fog {unknown}
 p - a scroll of summoning {unknown}
 q - a scroll of teleportation {unknown}
 w - 2 scrolls of noise {unknown}
Potions
 e - a potion of lignification {unknown}
 f - a potion of heal wounds {unknown}
 h - 2 potions of haste {unknown}
 m - 2 potions of curing {unknown}
 s - a potion of cancellation {unknown}
 t - a potion of might {unknown}
 u - a potion of degeneration {unknown}
 v - a potion of magic
 x - a potion of mutation {unknown}


   Skills:
 - Level 2.4 Dodging
 - Level 2.4 Stealth
 + Level 5.5 Spellcasting
 - Level 1.1 Transmutations
 + Level 5.1 Earth Magic


You had 5 spell levels left.
You knew the following spells:

 Your Spells              Type           Power      Damage    Failure   Level
a - Sandblast             Erth           56%        2d13      1%          1
b - Stone Arrow           Conj/Erth      34%        3d9       10%         3
c - Petrify               Tmut/Erth      19%        N/A       26%         4
z - Passwall              Tmut/Erth      15%        N/A       4%          2

Your spell library contained the following spells:

 Spells                   Type           Power      Damage    Failure   Level
 Animate Dead             Necr           6%         N/A       67%         4
 Haunt                    Necr/Summ      3%         N/A       100%        7
 Infestation              Necr           3%         N/A       100%        8


Dungeon Overview and Level Annotations

Branches:
Dungeon (4/15)             Temple (1/1) D:4

Altars:
Cheibriados
Dithmenos
Gozag
Kikubaaqudgha
Makhleb
Nemelex Xobeh
Okawaru
Qazlal
Ru
Sif Muna
Uskayaw
Xom

Shops:
D:4 (

Annotations:
D:3 2 transporters, hitsuchi's ghost, amateur MiFi


Message History

There is a stone staircase leading up here.
Found a stone staircase leading up.
A hound comes into view.
Found a hand axe.
The blast of sand hits the hound!
The hound is heavily wounded.
The hound barks!
The hound bites you. The hound misses you.
The blast of sand hits the hound.
The hound is almost dead.
The hound misses you. The hound barely misses you.
The blast of sand hits the hound!
You kill the hound!
You have reached level 5!
There is a stone staircase leading up here.
You see here a +0 hand axe.
Found a whip and 17 gold pieces.
A giant cockroach comes into view.
The blast of sand hits the giant cockroach but does no damage.
The giant cockroach barely misses you.
The blast of sand hits the giant cockroach.
You kill the giant cockroach!
You see here a +0 whip.
A centaur and an adder come into view.
Found a throwing net.
The centaur shouts!
The adder hisses angrily.
You see here 17 gold pieces.
The blast of sand misses the adder.
A centaur comes into view.
The adder barely misses you. The adder misses you.
The centaur wields a +0 shortbow.
The centaur shoots an arrow.
The arrow hits you!
The centaur wields a +0 shortbow.
The centaur shoots an arrow.
The arrow hits you!
The centaur shoots an arrow.
The arrow hits you.
* * * LOW HITPOINT WARNING * * *
The centaur shoots an arrow.
The arrow completely misses you.
The centaur shoots an arrow.
The arrow barely misses you.
The centaur shoots an arrow.
The arrow hits you!
Ouch! That really hurt!
You die...

## .. ..
###############
##
#)............#
#.###########@#
#.# ###.### #.#
#..)..# #.#
#..#.#c# ####<#
#....cS.....#
#....#
#...##.##...#
#.#### #..# ...
.... #.# #..
.##. ### #<#
#.. (. ..


You could see 2 centaurs and an adder.

Vanquished Creatures
  2 hounds (D:4)
  An orc wizard (D:4)
  Robin (D:3)
  A worm (D:2)
  A dart slug (D:1)
  4 orcs
  5 endoplasms
  4 giant cockroaches
  15 goblins
  6 hobgoblins
  5 kobolds
  3 ball pythons
  3 bats
  2 frilled lizards (D:3)
  3 rats
56 creatures vanquished.

Notes
Turn   | Place    | Note
-------+----------+-------------------------------------------
     0 | D:1      | Heoruswealwe the Deep Elf Earth Elementalist began the
                  | quest for the Orb.
     0 | D:1      | Reached XP level 1. HP: 10/10 MP: 6/6
   195 | D:1      | Reached XP level 2. HP: 15/15 MP: 3/8
   198 | D:1      | Learned a level 2 spell: Passwall
   377 | D:1      | Found a faded altar of an unknown god.
   646 | D:2      | Found a sparkling altar of Nemelex Xobeh.
  1084 | D:2      | Reached XP level 3. HP: 19/19 MP: 7/10
  1773 | D:3      | Found a transporter.
  1776 | D:3      | Noticed hitsuchi's ghost (amateur MiFi)
  1931 | D:3      | Found a transporter.
  2020 | D:3      | Learned a level 3 spell: Stone Arrow
  2324 | D:3      | Noticed Robin
  2337 | D:3      | Killed Robin
  2338 | D:3      | Reached XP level 4. HP: 18/24 MP: 0/12
  2343 | D:3      | Learned a level 4 spell: Petrify
  2512 | D:2      | You fall into a shaft and drop 2 floors!
  2531 | D:4      | Reached skill level 5 in Spellcasting
  2566 | D:4      | Found Kuos Maa's Weapon Emporium.
  2619 | D:4      | Reached skill level 5 in Earth Magic
  2644 | D:4      | Found a staircase to the Ecumenical Temple.
  2691 | Temple   | Entered the Ecumenical Temple
  3038 | D:4      | Reached XP level 5. HP: 24/28 MP: 11/15
  3061 | D:4      | Noticed a centaur
  3062 | D:4      | Noticed a centaur
  3065 | D:4      | Shot with an arrow by a centaur

Illustrated notes

Levels and vault maps discovered:
D:1:      minmay_arrival_radiant_lines, layout_rooms,
          hellmonk_ecumenical_altar_inner_sanctum, hex_tiny
D:2:      layout_basic, basic_altar, kennysheep_cross_room,
          kennysheep_minor_cross, minmay_box_of_dots
D:3:      layout_loops_corners, gammafunk_ghost_stat_death,
          hangedman_decor_points, corexii_hall_statues_t, uniq_robin
D:4:      layout_loops_ring, mainiacjoe_overflow_alcove_2,
          minmay_temple_entry_large_hall, serial_shops, shop,
          minmay_manual_mares
Temple:   nicolae_temple_ecumenical_triangle

Skill      XL: |  1  2  3  4 |
---------------+-------------+-----
Spellcasting   | 4 5 |  5.5
Earth Magic    | 4 5 |  5.1
Dodging        | |  2.4
Stealth        | |  2.4
Transmutations | |  1.1

Action                     |  1- 3 |  4- 6 || total
---------------------------+-------+-------++-------
  Melee: Unarmed           |     1 |       ||     1
   Cast: Sandblast         |    71 |    17 ||    88
         Passwall          |     2 |       ||     2
 Armour: Robe              |     1 |       ||     1
  Dodge: Dodged            |     8 |    14 ||    22
